Map: Cosmic Sapphire

Players

barcode

  • Race: Protoss Protoss
  • League: Diamond
  • Spawn Location: 11:00

Talrand - Winner!

  • Race: Zerg Zerg
  • League: Diamond
  • Spawn Location: 5:00

VOD

Have the link to the VOD?

Description

Played bad but happy with the result

Time

  • Played on: Nov. 13, 2022, 3:23 p.m.
  • Length: 13:04
Show
View Real Time Build Order
Export as new Build Order

barcode Protoss 

Build Orders: Cannon Rush 

Get SALT Encoding   

  12  0:00  Probe  
  13  0:12  Probe  
  14  0:23  Pylon  
  14  0:24  Probe  
  15  0:41  Probe (Chrono Boost)  
  16  0:47  Forge  
  16  0:52  Pylon, Probe (Chrono Boost)  
  16  0:56  Probe (Chrono Boost)  
  18  1:06  Pylon  
  18  1:11  Probe  
  18  1:13  Assimilator  
  19  1:28  Photon Cannon  
  19  1:33  Gateway  
  19  1:37  Probe  
  20  1:55  Photon Cannon  
  20  1:57  Photon Cannon  
  20  2:00  Probe  
  21  2:24  Nexus  
  21  2:34  Cybernetics Core  
  21  2:40  Assimilator  
  21  2:44  Probe  
  22  2:48  Zealot  
  24  2:56  Probe  
  25  3:00  Pylon  
  25  3:19  Robotics Facility  
  25  3:22  Warp Gate  
  25  3:23  Adept  
  25  3:26  Probe  
  28  3:31  Shield Battery  
  28  3:36  Probe  
  28  3:38  Probe  
  30  3:44  Gateway  
  30  3:46  Protoss Ground Weapons Level 1 (Chrono Boost)  
  31  3:48  Probe  
  31  3:59  Sentry  
  31  4:01  Probe  
  34  4:07  Pylon  
  34  4:10  Shield Battery  
  34  4:23  Immortal (Chrono Boost)  
  38  4:30  Sentry  
  40  4:34  Phoenix  
  40  4:35  Adept  
  42  4:39  Probe x2  
  44  4:51  Probe x2  
  46  4:54  Twilight Council  
  46  4:56  Pylon  
  46  4:57  Sentry  
  48  5:03  Probe x2  
  45  5:36  Probe  
  45  5:38  Pylon  
  44  5:54  Stalker  
  42  6:12  Stargate  
  41  6:26  Probe x2  
  43  6:38  Probe x2  
  45  6:43  Assimilator  
  45  6:45  Assimilator  
  45  6:46  Pylon  
  45  6:47  Pylon  
  45  6:48  Pylon  
  45  6:50  Pylon, Probe (Chrono Boost)  
  47  6:55  Probe (Chrono Boost)  
  47  7:01  Probe (Chrono Boost)  
  48  7:04  Probe (Chrono Boost)  
  48  7:05  Probe (Chrono Boost)  
  50  7:13  Gateway  
  50  7:14  Gateway, Probe  
  51  7:18  Gateway x2  
  51  7:20  Void Ray (Chrono Boost)  
  51  7:21  Gateway  
  51  7:22  Probe  
  56  7:27  Probe  
  57  7:33  Stalker x2  
  57  7:34  Probe  
  62  7:48  Protoss Ground Armor Level 1 (Chrono Boost)  
  62  7:57  Twilight Council, Phoenix  
  62  7:59  Gateway  
  62  8:03  Gateway  
  66  8:07  Stalker  
  66  8:08  Stalker x2, Void Ray  
  66  8:10  Gateway  
  72  8:34  Nexus  
  72  8:38  Pylon  
  72  8:40  Pylon, Stalker x3  
  82  8:57  Void Ray  
  82  9:00  Probe x2  
  84  9:06  Charge (Chrono Boost), Sentry x3  
  84  9:09  Zealot x2  
  94  9:12  Probe x2  
  96  9:21  Gateway  
  96  9:24  Probe x2  
  96  9:26  Sentry  
  100  9:36  Zealot  
  102  9:45  Probe x2  
  104  9:57  Probe x2  
  106  10:03  Zealot x4  
  106  10:04  Zealot  
  116  10:12  Assimilator  
  116  10:16  Assimilator  
  116  10:19  Pylon x2  
  116  10:22  Pylon  
  116  10:23  Shield Battery  
  116  10:24  Pylon  
  116  10:25  Probe  
  116  10:26  Pylon  
  117  10:30  Shield Battery  
  117  10:33  Pylon  
  117  10:37  Probe x3  
  120  10:49  Probe x3  
  123  10:55  Zealot x4  
  123  10:56  Zealot x5  
  141  10:57  Zealot  
  143  11:06  Stargate  
  143  11:08  Stargate  
  143  11:11  Stargate  
  141  11:21  Robotics Facility  
  99  12:01  Pylon  
  85  12:11  Observer (Chrono Boost)  
  56  12:17  Probe  
  56  12:18  Probe  
  56  12:20  Zealot x3  
  56  12:21  Zealot x3  
  56  12:22  Zealot x3  
  60  12:30  Probe  
  37  12:44  Zealot x2  
  37  12:45  Zealot x4  
Show
View Real Time Build Order
Export as new Build Order

Talrand Zerg - Winner!

Build Orders: Hatch First, Lurkers, Roach Nydus 

Get SALT Encoding   

  12  0:00  Drone  
  13  0:12  Overlord  
  13  0:16  Drone  
  14  0:30  Drone x2  
  16  0:51  Drone  
  16  0:54  Drone  
  16  0:55  Hatchery  
  17  0:57  Drone  
  18  1:08  Extractor  
  17  1:12  Spawning Pool  
  16  1:20  Drone  
  16  1:21  Drone  
  18  1:27  Drone  
  19  1:41  Overlord  
  19  1:49  Drone  
  20  2:01  Roach Warren  
  19  2:05  Drone  
  19  2:06  Queen  
  19  2:07  Overlord  
  22  2:11  Queen  
  24  2:19  Extractor  
  24  2:20  Drone x2  
  25  2:23  Zergling x2  
  26  2:31  Zergling x2  
  27  2:43  Roach x3  
  32  3:00  Drone  
  32  3:02  Lair  
  33  3:10  Drone  
  33  3:12  Ravager  
  35  3:23  Roach  
  37  3:31  Hatchery  
  36  3:36  Overlord  
  36  3:59  Ravager x2  
  38  4:06  Nydus Network  
  38  4:07  Queen  
  39  4:18  Roach  
  39  4:19  Roach  
  43  4:38  Roach  
  45  4:39  Overlord  
  45  4:51  Nydus Canal, Queen  
  47  4:57  Roach x2  
  47  4:58  Roach x3  
  57  5:04  Overlord  
  56  5:30  Zergling x14  
  57  5:52  Zergling x12  
  50  6:06  Drone x2  
  46  6:14  Metabolic Boost  
  45  6:28  Drone  
  45  6:29  Drone x4  
  49  6:48  Hatchery  
  49  6:51  Drone  
  49  6:52  Drone x4  
  53  6:57  Overlord  
  53  7:10  Glial Reconstitution  
  53  7:17  Hydralisk Den  
  53  7:18  Drone  
  53  7:19  Drone x4  
  57  7:30  Drone  
  57  7:31  Drone x3  
  61  7:39  Overlord  
  62  7:44  Drone x7  
  62  7:50  Grooved Spines  
  68  8:06  Lurker Den  
  67  8:15  Drone x2  
  67  8:16  Drone  
  67  8:17  Drone x3  
  67  8:18  Drone x6  
  79  8:23  Overseer  
  79  8:25  Pneumatized Carapace  
  79  8:28  Queen  
  81  8:41  Overlord x2  
  81  8:51  Overlord x3  
  81  8:55  Hatchery  
  81  9:01  Muscular Augments  
  80  9:05  Overlord x2  
  80  9:07  Extractor, Hydralisk, Queen  
  80  9:08  Hydralisk x3, Extractor  
  88  9:15  Drone x3, Evolution Chamber  
  88  9:16  Drone x2, Evolution Chamber  
  88  9:17  Drone  
  92  9:20  Extractor  
  92  9:21  Extractor  
  92  9:22  Drone x3  
  92  9:23  Drone x4  
  92  9:24  Drone  
  98  9:41  Lurker x4  
  102  9:49  Infestation Pit  
  99  9:53  Zergling x20  
  107  10:11  Hydralisk x6  
  107  10:14  Hatchery  
  118  10:20  Overseer  
  118  10:24  Zerg Missile Weapons Level 1  
  118  10:28  Overlord  
  118  10:29  Overlord x2  
  120  10:38  Hive  
  118  10:43  Hydralisk  
  118  10:44  Hydralisk  
  119  11:06  Hatchery  
  113  11:29  Overlord x2  
  113  11:30  Hydralisk x12  
  122  12:10  Overlord x2  
  122  12:11  Hydralisk x13  
  136  12:27  Zergling x8  
  136  12:28  Zergling x8  
Tags
 
Add a new tag
Caveats
  • Supply blocks, unpowered buildings, or Contaminate may cause inaccurate times.
  • Supply counts are checked every 10 seconds.